 Dungeon Crawl Stone Soup version 0.30-a0-1082-g70414cbcbb (webtiles) character file.

Game seed: 3961286716095426194

22 gelatine the Conjurer (level 2, 0/19 HPs)
             Began as a Demonspawn Conjurer on Apr 15, 2023.
             Slain by a quokka (2 damage)
             ... on level 3 of the Dungeon.
             The game lasted 00:02:20 (1931 turns).

gelatine the Conjurer (Demonspawn Conjurer)         Turns: 1931, Time: 00:02:21

Health: 0/19       AC:  3    Str:  7    XL:     2   Next: 68%
Magic:  5/5        EV: 12    Int: 19    God:
Gold:   135        SH:  0    Dex: 11    Spells: 2/5 levels left

rFire   . . .      SeeInvis +    d - +0 rapier
rCold   . . .      Faith    .    (no shield)
rNeg    . . .      Spirit   .    a - +0 robe
rPois   .          Reflect  .    (no helmet)
rElec   .          Rampage  .    (no cloak)
rCorr   .                        l - +0 pair of gloves
Will    .....                    (no boots)
Stlth   +                        (no amulet)
HPRegen 0.23/turn                k - ring of see invisible
MPRegen 0.09/turn                (no ring)

@: silenced
A: powered by death 1
a: no special abilities


You were on level 3 of the Dungeon.
You visited 1 branch of the dungeon, and saw 3 of its levels.

You collected 135 gold pieces.

Inventory:

Hand Weapons
 d - a +0 rapier (weapon)
Armour
 a - a +0 robe (worn)
 l - a +0 pair of gloves (worn)
Jewellery
 k - a ring of see invisible (left hand)
Scrolls
 g - a scroll of amnesia {unknown}
 m - a scroll of brand weapon {unknown}
 n - a scroll of fear {unknown}
Potions
 b - a potion of magic
 c - a potion of might {unknown}
 f - 3 potions of attraction {unknown}
 h - a potion of cancellation {unknown}
 i - a potion of ambrosia {unknown}
 j - 2 potions of mutation {unknown}
 o - a potion of flight {unknown}
 p - a potion of curing {unknown}


   Skills:
 * Level 0.2 Fighting
 * Level 1.7 Dodging
 * Level 1.7 Stealth
 * Level 2.2 Spellcasting
 * Level 4.6 Conjurations


You had 2 spell levels left.
You knew the following spells:

 Your Spells              Type           Power      Damage    Failure   Level
a - Magic Dart            Conj           76%        1d6       2%          1
b - Searing Ray           Conj           38%        2d5       3%          2

Your spell library contained the following spells:

 Spells                   Type           Power      Damage    Failure   Level
 Dazzling Flash           Conj/Hex       20%        N/A       19%         3
 Volatile Blastmotes      Fire/Tloc      4%         2d10      45%         3
 Fulminant Prism          Conj/Hex       5%         3d6       54%         4
 Iskenderun's Mystic Bla  Conj/Tloc      10%        2d4       54%         4
 Starburst                Conj/Fire      5%         6d4       100%        6


Dungeon Overview and Level Annotations

Branches:
Dungeon (3/15)

Altars:


Innate Abilities, Weirdness & Mutations

You regenerate a little health from kills.


Message History

Done exploring.
Done exploring.
There is an open door here.
You see here a frilled lizard corpse.
There is a stone staircase leading down here.
You climb downwards.
You hear the sound of rushing water.
There is an entrance to a sewer on this level.
Hurry and find it before the portal rusts away!
There is a stone staircase leading up here.
As you read the scroll labelled EDYNEMN EXZANU, it crumbles to dust.
A profound silence engulfs you.
It was a scroll of silence.
Magic scrolls do not work when you're silenced!
A bat comes into view.
Found 6 stones.
Unknown command.
Unknown command.
The bat barely misses you.
You puncture the bat!
You kill the bat!
You see here a bat corpse.
A quokka comes into view.
You see here 6 stones.
An orc priest comes into view. It is wielding a +0 dagger.
Found 10 gold pieces.
An orc comes into view. It is wielding a +0 short sword.
You closely miss the quokka. The quokka bites you.
The orc priest calls down the wrath of Beogh upon you.
Beogh smites you!
Ouch! That really hurt!
* * * LOW HITPOINT WARNING * * *
An orc comes into view. It is wielding a +0 antimagic dagger.
The quokka misses you.
The orc priest looks satisfied for a moment.
You see here 6 stones.
The quokka attacks as you move away!
The quokka bites you but does no damage.
The quokka attacks as you move away! The quokka bites you.
* * * LOW HITPOINT WARNING * * *
You hit the quokka but do no damage. The quokka bites you.
You die...

#....# #....#
#<...# #....#
##.### #..#
##.# #†#######
##@.......
#.r.#####.
#(#.# #.#...
#..........#
..........#####
..........o#
.............
.........#.#oo


You could see an orc priest and a quokka.

Vanquished Creatures
  An endoplasm (D:2)
  3 giant cockroaches (D:2)
  2 hobgoblins
  A quokka (D:1)
  4 ball pythons (D:1)
  7 bats
  2 frilled lizards
  2 kobolds
22 creatures vanquished.

Notes
Turn   | Place    | Note
-------+----------+-------------------------------------------
     0 | D:1      | gelatine the Demonspawn Conjurer began the quest for the
                  | Orb.
     0 | D:1      | Reached XP level 1. HP: 13/13 MP: 3/3
   663 | D:1      | Gained mutation: You regenerate a little health from kills.
                  | [demonic ancestry]
   663 | D:1      | Reached XP level 2. HP: 19/19 MP: 3/5
  1902 | D:2      | Learned a level 2 spell: Searing Ray
  1931 | D:3      | Slain by a quokka

Illustrated notes

Levels and vault maps discovered:
D:1:      nzn_arrival_settlement, layout_basic
D:2:      layout_basic, grunt_ministairs_6
D:3:      layout_rooms, grunt_temple_overflow_cloverleaf, portal_sewer_entry_c,
          uniq_ijyb

Action                     || total
---------------------------++-------
  Melee: Rapier            ||    10
   Cast: Magic Dart        ||    36
    Use: Scroll            ||     1
 Armour: Robe              ||     4
  Dodge: Dodged            ||    10

Table legend: (Time is in decaauts)
 A = Elapsed time spent in this place.
 B = Non-inter-level travel time spent in this place.
 C = Inter-level travel time spent in this place.
 D = Time resting spent in this place.
 E = Time spent auto-exploring this place.
 F = Levels seen in this place.
 G = Mean time per level.
                   A        B        C        D        E       F      G
               +--------+--------+--------+--------+--------+-----+--------+
         Total |   1931 |   1886 |     45 |      0 |   1739 |   3 |  643.7 |
       Dungeon |   1931 |   1886 |     45 |      0 |   1739 |   3 |  643.7 |
               +--------+--------+--------+--------+--------+-----+--------+

Top non-repeatable levels by time:
     D:1: 1140 daAuts
     D:2: 773 daAuts
     D:3: 17 daAuts
